 Dungeon Crawl Stone Soup version 0.17.0-1-g61d176b (webtiles) character file.

138 TruthSerum the Skirmisher (level 5, -2/59 HPs)
             Began as an Ogre Berserker on Nov 7, 2015.
             Was a Believer of Trog.
             Slain by an orc
             ... wielding a +0 hand axe
              (7 damage)
             ... on level 3 of the Dungeon.
             The game lasted 00:06:19 (1799 turns).

TruthSerum the Skirmisher (Ogre Berserker)          Turns: 1799, Time: 00:06:19

Health: -2/59      AC:  3    Str: 22    XL:     5   Next: 21%
Magic:  5/5        EV: 10    Int:  6    God:    Trog [**....]
Gold:   110        SH:  0    Dex: 10    Spells: 0 memorised, 4 levels left

rFire  . . .     SeeInvis .     a - +0 mace
rCold  . . .     Clarity  .     b - +0 animal skin
rNeg   . . .     SustAt   .     (no shield)
rPois  .         Gourm    .     (helmet restricted)
rElec  .         Spirit   .     (no cloak)
rCorr  .         Warding  .     (gloves unavailable)
rMut   .         Stasis   .     (boots unavailable)
MR     .....                    (no amulet)
Stlth  +.........               (no ring)
                                (no ring)

@: not resistant to hostile enchantments, very unstealthy
A: unfitting armour, tough skin 1
a: Berserk, Trog's Hand, Burn Spellbooks, Renounce Religion


You were on level 3 of the Dungeon.
You worshipped Trog.
Trog was pleased with you.
You were not hungry.

You visited 1 branch of the dungeon, and saw 3 of its levels.

You collected 110 gold pieces.

Inventory:

Hand Weapons
 a - a +0 mace (weapon)
Armour
 b - a +0 animal skin (worn)
Jewellery
 k - an uncursed amulet of clarity {unknown}
Scrolls
 g - a scroll of enchant armour {unknown}
 h - a scroll of recharging {unknown}
 j - a scroll of teleportation {unknown}
 l - a scroll of noise {unknown}
 m - a scroll of immolation {unknown}
 n - 2 scrolls of identify {unknown}
 o - a scroll of magic mapping {unknown}
 s - a scroll of amnesia {unknown}
 t - 3 scrolls of remove curse {unknown}
 u - a scroll of fear {unknown}
 v - a scroll of enchant weapon {unknown}
Potions
 d - a potion of degeneration {unknown}
 e - 3 potions of agility {unknown}
 q - a potion of might {unknown}
 r - a potion of lignification {unknown}
Comestibles
 c - 5 bread rations
 f - a meat ration
 i - 4 fruits
 p - 2 chunks of flesh


   Skills:
 + Level 6.1 Fighting
 + Level 5.9 Maces & Flails
 - Level 2.6 Dodging


You had 4 spell levels left.
You didn't know any spells.

Dungeon Overview and Level Annotations

Branches:
Dungeon (3/15)

Altars:
Qazlal
Ru


Innate Abilities, Weirdness & Mutations

You are too large for most types of armour.
You have tough skin (AC +1).


Message History

Trog accepts your kill.
You hit the orc.
The orc is moderately wounded.
The orc hits you with a hand axe.
* * * LOW HITPOINT WARNING * * *
The orc hits you with a war axe!
* * * LOW HITPOINT WARNING * * *
You are too injured to fight recklessly!
You are too injured to fight recklessly!
You are too injured to fight recklessly!
You are too injured to fight recklessly!
You sock the orc!
You kill the orc!
Trog accepts your kill. The orc hits you with a hand axe.
* * * LOW HITPOINT WARNING * * *
You hit the orc.
The orc is severely wounded.
The orc hits you with a hand axe!
You die...

...
#..#######.#
#.###..#### #
#####.........#
........(.###.#
.######....# #
##...# #...#
#####...#
........@#
######.#o)....#
#.####..## #.#
.# #.# # #.# #.


You could see an orc.

Vanquished Creatures
  A hound (D:3)
  An orc priest (D:3)
  2 adders (D:2)
  A worm (D:2)
  2 giant geckos
  8 orcs (D:3)
  A ball python (D:3)
  2 bats
  2 giant cockroaches
  7 goblins
  8 hobgoblins
  2 quokkas
  3 giant newts
  A kobold (D:2)
  7 rats
48 creatures vanquished.

Notes
Turn   | Place    | Note
--------------------------------------------------------------
     0 | D:1      | TruthSerum the Ogre Berserker began the quest for the Orb.
     0 | D:1      | Reached XP level 1. HP: 24/24 MP: 1/1
   328 | D:1      | Reached XP level 2. HP: 22/33 MP: 2/2
   606 | D:2      | Found a stormy altar of Qazlal.
   708 | D:2      | Reached XP level 3. HP: 27/41 MP: 3/3
   720 | D:2      | Reached skill level 5 in Fighting
   804 | D:2      | Reached ** piety under Trog
   832 | D:2      | Reached skill level 5 in Maces & Flails
  1395 | D:3      | Reached XP level 4. HP: 42/50 MP: 4/4
  1452 | D:3      | Found a sacrificial altar of Ru.
  1563 | D:3      | Reached skill level 6 in Fighting
  1563 | D:3      | Reached XP level 5. HP: 32/59 MP: 5/5
  1799 | D:3      | Slain by an orc

Action                   |  1- 3 |  4- 6 || total
-------------------------+-------+-------++-------
Melee: Mace              |    78 |    47 ||   125
Invok: Berserk           |     1 |       ||     1
 Stab: Sleeping          |     1 |       ||     1
  Eat: Chunk             |     1 |     3 ||     4
